 Dungeon Crawl Stone Soup version 0.29-a0-284-gf9362112df (webtiles) character file.

Game seed: 6622982754971326700

19 mcfatealan the Shield-Bearer (level 2, 29/29 HPs)
             Began as a Troll Fighter on Mar 15, 2022.
             Quit the game on level 1 of the Dungeon.
             The game lasted 00:05:43 (234 turns).

mcfatealan the Shield-Bearer (Troll Fighter)         Turns: 234, Time: 00:05:44

Health: 29/29      AC:  4    Str: 23    XL:     2   Next: 55%
Magic:  1/1        EV:  8    Int:  4    God:
Gold:   9          SH:  7    Dex:  9    Spells: 1/1 levels left

rFire   . . .      SeeInvis .   a - +0 long sword
rCold   . . .      Faith    .   c - +0 kite shield
rNeg    . . .      Spirit   .   b - +0 robe
rPois   .          Reflect  .   (helmet restricted)
rElec   .          Harm     .   (no cloak)
rCorr   .          Rampage  .   (gloves unavailable)
Will    .....                   (boots unavailable)
Stlth   +.........              (no amulet)
HPRegen 0.89/turn               (no ring)
MPRegen 0.07/turn               (no ring)

@: no status effects
A: large, unfitting armour, claws 3, regeneration 1, shaggy fur 1, tough skin 1
a: no special abilities


You were on level 1 of the Dungeon.
You visited 1 branch of the dungeon, and saw 1 of its levels.

You collected 9 gold pieces.

Inventory:

Hand Weapons
 a - a +0 long sword (weapon)
 i - a +0 hunting sling
 j - a +0 short sword
Missiles
 k - 5 stones (quivered)
Armour
 b - a +0 robe (worn)
 c - a +0 kite shield (worn)
 m - a +0 leather armour
Scrolls
 h - a scroll of teleportation
 n - 2 scrolls of enchant weapon {unknown}
Potions
 d - a potion of might
 f - a potion of brilliance {unknown}
 g - a potion of mutation {unknown}


   Skills:
 + Level 2.6 Fighting
 + Level 1.8 Long Blades
 + Level 2.6 Dodging
 + Level 2.6 Shields


You had one spell level left.
You didn't know any spells.
Your spell library was empty.

Dungeon Overview and Level Annotations

Branches:
Dungeon (1/15)

Altars:


Innate Abilities, Weirdness & Mutations

You are too large for most types of armour.
You have claws for hands.
Your natural rate of healing is unusually fast.
You are covered in fur. (AC +1)
You have tough skin. (AC +1)


Message History

Found 2 scrolls labelled UTYEREM CARGH.
The goblin shouts!
You hear a shout!
There is an open door here.
You closely miss the goblin. The goblin barely misses you.
You closely miss the goblin. The goblin hits you with a +0 club.
A goblin comes into view. It is wielding a +0 dagger.
You block the goblin's attack.
You hit the goblin.
You kill the goblin!
The goblin hits you with a +0 club.
You hit the goblin.
You kill the goblin!
There is an open door, spattered with blood here.
You completely miss the goblin. The goblin closely misses you.
You completely miss the goblin. You block the goblin's attack. x2
You barely miss the goblin. The goblin hits you but does no damage.
You slash the goblin!
You kill the goblin!
Items here: )) ††.
n - 2 scrolls labelled UTYEREM CARGH
As you read the scroll labelled REURUA YMOLOORCH, it crumbles to dust.
It is a scroll of identify.
h - a scroll of teleportation
Found a dagger.
As you read the scroll labelled UMANOFR HOPRI, it crumbles to dust.
You feel aware of your surroundings.
It was a scroll of magic mapping.
Found a leather armour.
Found a stone staircase leading down.
Welcome back, mcfatealan the Troll Fighter.
Press ? for a list of commands and other information.
Unknown command.
Unknown command.
Unknown command.
Unknown command.
No target in view!
Unknown command.
Are you sure you want to abandon this character and quit the game? (Confirm with "yes".)
Okay, then.
Unknown command.
Unknown command.
Are you sure you want to abandon this character and quit the game? (Confirm with "yes".)

*,,,,,,,,,,***,*,,,,,,+,,,,*
*,,,,,,,,,,,*#.#,,,,,,****,*
# ***********,*#.#,,,,,,*
*,* ##* #.*#.#,,,,,,* *,*
..#* #.*#.#,,,,,,* *,****
#..## #.##.#*,,,,,* *,,,,,
**..# #..#.#******* ******
*#.## *#.#[# #..# #..@#
###.# ##..######### ##...#
#).....##...# #....##
#.#.##.##...# ......#
#.#.##.##...# .....##
***#+#.##......# ..#...#
*,,,,.>##.....## #...###
*,,,,..##.....# ##.##
*,,,...##.....#


There were no monsters in sight!

Vanquished Creatures
  A dart slug (D:1)
  2 giant cockroaches (D:1)
  3 goblins (D:1)
  A hobgoblin (D:1)
  4 jackals (D:1)
  A kobold (D:1)
  A frilled lizard (D:1)
  A rat (D:1)
14 creatures vanquished.

Notes
Turn   | Place    | Note
-------+----------+-------------------------------------------
     0 | D:1      | mcfatealan the Troll Fighter began the quest for the Orb.
     0 | D:1      | Reached XP level 1. HP: 22/22 MP: 0/0
   155 | D:1      | Reached XP level 2. HP: 28/29 MP: 1/1
   234 | D:1      | Quit the game

Illustrated notes

Levels and vault maps discovered:
D:1:      dpeg_arrival_round_b, layout_basic

Action                   || total
-------------------------++-------
Melee: Long sword        ||    38
  Use: Scroll            ||     2
Armor: Robe              ||    19
Dodge: Dodged            ||    28
Block: Kite shield       ||    23

Table legend: (Time is in decaauts)
 A = Elapsed time spent in this place.
 B = Non-inter-level travel time spent in this place.
 C = Inter-level travel time spent in this place.
 D = Time resting spent in this place.
 E = Time spent auto-exploring this place.
 F = Levels seen in this place.
 G = Mean time per level.
                   A        B        C        D        E       F      G
               +--------+--------+--------+--------+--------+-----+--------+
         Total |    251 |    105 |    146 |      0 |      0 |   1 |  251.0 |
       Dungeon |    251 |    105 |    146 |      0 |      0 |   1 |  251.0 |
               +--------+--------+--------+--------+--------+-----+--------+

Top non-repeatable levels by time:
     D:1: 251 daAuts
